AoeStats
← mtv

Arena

510722169Analyzed
1v1 RM · 8h ago on Oct 2, 2026· 55m 44s· 2 players
Game mode
Random Map
Map size
Tiny (2 player)
Population
200
Speed
Normal
Resources
Standard
Victory
Conquest
Starting age
Dark Age
Ending age
Imperial Age
RankedLock teamsTeams togetherTeam positionsShared explorationLock speedFull tech treeHidden civsTurbo modeCheats
Victory
Defeat
🇫🇷 Celts · France
898
+16
🇪🇸 Dravidians · Spain
899
-16
Irvindd
11:52 Feudal Age
10:10 Loom
12:41 Double-Bit Axe
15:35 Castle Age
13:39 Stone Mining
13:56 Horse Collar
17:54 Bow Saw
17:45 Heavy Plow
25:35 Wheelbarrow
25:17 Gold Mining
28:31 Town Watch
31:55 Forging
31:46 Scale Mail Armor
33:10 Fletching
35:52 Imperial Age
34:51 Chain Mail Armor
35:12 Iron Casting
35:10 Masonry
34:51 Guard Tower
35:23 Ballistics
35:18 Stronghold
36:08 Hand Cart
36:57 Bodkin Arrow
38:30 Keep
37:51 Arrowslits
38:38 Town Patrol
40:03 Fortified Wall
42:38 Conscription
42:28 Furor Celtica
42:38 Elite Woad Raider
44:59 Blast Furnace
44:30 Plate Mail Armor
54:00 Gold Shaft Mining
54:01 Stone Shaft Mining
55:02 Hoardings
mtv
11:02 Feudal Age
16:54 Castle Age
16:21 Double-Bit Axe
16:19 Horse Collar
16:32 Gold Mining
20:28 Fletching
21:53 Wheelbarrow
21:53 Loom
23:49 Wheelbarrow
28:42 Crossbowman
29:21 Bodkin Arrow
29:48 Ballistics
37:44 Imperial Age
35:34 Padded Archer Armor
37:18 Thumb Ring
39:26 Chemistry
38:53 Arbalester
Connection lost

Rejoining the realm…

Still unreachable

The connection could not be restored.

Session expired

The server has moved on; the page needs a fresh start.